 Dungeon Crawl Stone Soup version 0.30-a0-585-g93115170b9 (webtiles) character file.

Game seed: 12456798791635324638

700 Bnni the Vexing (level 7, -11/52 HPs)
             Began as a Formicid Hexslinger on Jan 2, 2023.
             Was a Follower of Okawaru.
             Shot with an arrow by a centaur (17 damage)
             ... on level 8 of the Dungeon.
             The game lasted 00:04:05 (3353 turns).

Bnni the Vexing (Formicid Hexslinger)               Turns: 3353, Time: 00:04:05

Health: -11/52     AC:  6    Str: 15    XL:     7   Next: 98%
Magic:  8/12       EV: 12    Int: 14    God:    Okawaru [*.....]
Gold:   256        SH:  0    Dex: 14    Spells: 4/12 levels left

rFire   + + +      SeeInvis +    l - +11 long sword of the Unspeakable One {venom, *Slow rPois rF+++ rN+}
rCold   . . .      Faith    .    (no shield)
rNeg    + . .      Spirit   .    c - +0 robe
rPois   +          Reflect  .    (helmet unavailable)
rElec   .          Harm     .    (no cloak)
rCorr   .          Rampage  .    (no gloves)
Will    .....                    (no boots)
Stlth   +                        (no amulet)
HPRegen 0.28/turn                w - +4 ring of protection
MPRegen 0.13/turn                (no ring)

@: no status effects
A: permanent stasis, dig shafts and tunnels, antennae 3, four strong arms
a: Dig, Shaft Self, Renounce Religion, Heroism


You were on level 8 of the Dungeon.
You worshipped Okawaru.
Okawaru was aware of your devotion.
You visited 1 branch of the dungeon, and saw 6 of its levels.

You collected 256 gold pieces.

Inventory:

Hand Weapons
 a - a +1 sling
 l - the +11 long sword of the Unspeakable One (weapon) {venom, *Slow rPois rF+++ rN+}
   (You found it on level 2 of the Dungeon)

   It poisons the flesh of those it strikes.
   rF:        It renders you almost immune to fire.
   rPois:     It protects you from poison.
   rN:        It protects you from negative energy.
   *Slow:     It may slow you when you take damage.
Missiles
 m - 12 poisoned darts
Armour
 c - a +0 robe (worn)
 u - the +1 pair of boots of the Lotus Blossom {Harm *Slow Str+2}
   (You found it on level 4 of the Dungeon)

   Str:       It affects your strength (+2).
   *Slow:     It may slow you when you take damage.
   Harm:      It increases damage dealt and taken.
Jewellery
 w - a +4 ring of protection (left hand)
Wands
 r - a wand of charming (8)
 t - a wand of mindburst (20)
 x - a wand of iceblast (13)
 y - a wand of flame (24)
Scrolls
 b - a scroll of poison
 d - a scroll of torment {unknown}
 f - 2 scrolls of enchant armour {unknown}
 h - a scroll of noise {unknown}
 j - a scroll of blinking {unknown}
 n - 2 scrolls of magic mapping {unknown}
 o - 3 scrolls of teleportation {unknown}
 s - a scroll of fog {unknown}
 v - a scroll of identify {unknown}
Potions
 e - 2 potions of heal wounds {unknown}
 g - 2 potions of attraction {unknown}
 i - a potion of ambrosia {unknown}
 k - a potion of cancellation {unknown}
 p - a potion of berserk rage {unknown}
 q - 2 potions of curing {unknown}


   Skills:
 + Level 3.5 Fighting
 + Level 2.5 Long Blades
 - Level 2.6 Ranged Weapons
 - Level 1.7 Dodging
 + Level 3.3 Spellcasting
 * Level 6.7 Hexes
 - Level 3.0 Fire Magic


You had 4 spell levels left.
You knew the following spells:

 Your Spells              Type           Power      Damage    Failure   Level
a - Slow                  Hex            84%        N/A       1%          1
b - Inner Flame           Hex/Fire       15%        N/A       9%          3
d - Cause Fear            Hex            10%        N/A       13%         4

Your spell library contained the following spells:

 Spells                   Type           Power      Damage    Failure   Level
 Portal Projectile        Hex/Tloc       22%        N/A       16%         3
 Hailstorm                Conj/Ice       2%         3d3       52%         3
 Ozocubu's Armour         Ice            2%         N/A       52%         3
 Ice Form                 Ice/Tmut       2%         N/A       90%         4
 Irradiate                Conj/Tmut      1%         3d12      99%         5
 Lightning Bolt           Conj/Air       1%         1d12      99%         5
 Ozocubu's Refrigeration  Ice            1%         4d7       100%        7


Dungeon Overview and Level Annotations

Branches:
Dungeon (5/15)
 Temple: D:4-7

Altars:
Kikubaaqudgha
Okawaru
Wu Jian
Yredelemnul


Innate Abilities, Weirdness & Mutations

You cannot be hasted, slowed, berserked, paralysed or teleported.
You can dig through walls and to a lower floor.
You have a pair of large antennae on your head. (SInv)
Your four strong arms can wield two-handed weapons with a shield.


Message History

The puff of frost hits you!
Casting: Inner Flame (dangerous; 10% risk of failure)
Confirm with . or Enter, or press ? or * to list all spells.
Aiming: Slow (safe; 1% risk of failure)
Press: ? - help, Shift-Dir - straight line, f - water moccasin
Aim: a water moccasin (chance to affect: 52%)
The water moccasin resists with significant effort.
The water moccasin bites you but does no damage.
Casting: Slow (safe; 1% risk of failure)
Confirm with . or Enter, or press ? or * to list all spells.
Aiming: Inner Flame (dangerous; 10% risk of failure)
Press: ? - help, Dir - move target, f - white imp, p - water moccasin
Aim: a white imp (chance to affect: 76%)
The white imp is filled with an inner flame.
The water moccasin bites you but does no damage.
The white imp hits you. The white imp freezes you.
The white imp hits you but does no damage.
The water moccasin bites you.
You slash the white imp!
Flame seeps out of the white imp.
The white imp is severely wounded.
The water moccasin bites you.
Your stasis prevents you from being slowed.
The white imp is engulfed in blazing flames.
Okawaru accepts your kill.
The white imp explodes!
The fiery explosion engulfs the water moccasin!!!
You kill the water moccasin!
Okawaru accepts your kill. The fiery explosion engulfs you! You resist.
You hear a shout!
You hear a loud, deep croak!
Training target 3.0 for Fire Magic reached!
Your Fire Magic skill increases to level 3!
Unknown command.
A centaur comes into view.
The centaur shouts!
The centaur wields a +2 shortbow of flaming.
It bursts into flame!
The centaur shoots an arrow.
The arrow hits you!
* * * LOW HITPOINT WARNING * * *
The centaur shoots an arrow.
The arrow hits you!
You die...

.....##..##.....!#
........☼#§.......
........☼..†......
........§...$.....
..................
................##
..........#....##
.........##....#
(.......@.)....##..
...../.............
............c###..
...#########.# ...
#...# #. #.#.#
#.#... #.#...#
#.#...#


You could see a centaur.

Vanquished Creatures
  Grinder (D:4)
  A water moccasin (D:8)
  A scorpion (D:4)
  2 howler monkeys (D:8)
  A jelly (D:4)
  2 hounds (D:4)
  An iguana (D:4)
  A howler monkey zombie (D:4)
  5 adders
  A white imp (D:8)
  An ufetubus (D:4)
  3 adder zombies (D:4)
  2 worms (D:2)
  3 dart slugs
  An orc (D:4)
  4 ball pythons
  7 endoplasms
  3 giant cockroaches
  3 goblins
  7 hobgoblins
  4 quokkas
  3 bats
  3 frilled lizards (D:1)
  4 kobolds
  A quokka zombie (D:4)
  6 rats
71 creatures vanquished.

Notes
Turn   | Place    | Note
-------+----------+-------------------------------------------
     0 | D:1      | Bnni the Formicid Hexslinger began the quest for the Orb.
     0 | D:1      | Reached XP level 1. HP: 15/15 MP: 2/2
    43 | D:1      | Got Arphoq's Vademecum on Arctic Combat Magic
   130 | D:1      | Reached XP level 2. HP: 21/21 MP: 3/3
   173 | D:1      | Found a faded altar of an unknown god.
   501 | D:1      | Reached skill level 4 in Hexes
   824 | D:2      | Reached XP level 3. HP: 26/26 MP: 5/5
   828 | D:2      | Learned a level 3 spell: Inner Flame
   901 | D:2      | Identified the +11 long sword of the Unspeakable One
                  | {venom, *Slow rPois rF+++ rN+}
   991 | D:2      | Reached XP level 4. HP: 32/32 MP: 6/6
  1070 | D:2      | Reached skill level 1 in Fire Magic
  2055 | D:3      | Found an ornate altar of the Wu Jian Council.
  2141 | D:4      | Found a basalt altar of Yredelemnul.
  2147 | D:4      | Reached XP level 5. HP: 36/38 MP: 6/8
  2184 | D:4      | Learned a level 4 spell: Cause Fear
  2265 | D:4      | Reached skill level 1 in Long Blades
  2265 | D:4      | Reached skill level 5 in Hexes
  2335 | D:4      | Reached XP level 6. HP: 21/45 MP: 9/9
  2467 | D:4      | Identified the +1 pair of boots of the Lotus Blossom {Harm
                  | *Slow Str+2}
  2507 | D:4      | Found an iron altar of Okawaru.
  2515 | D:4      | Became a worshipper of Warmaster Okawaru
  2635 | D:4      | Noticed Grinder
  2648 | D:4      | Killed Grinder
  2649 | D:4      | Reached skill level 6 in Hexes
  2649 | D:4      | Reached XP level 7. HP: 17/52 MP: 2/11
  2738 | D:4      | Reached * piety under Okawaru
  3176 | D:5      | Entered Level 5 of the Dungeon
  3208 | D:5      | Found an ancient bone altar of Kikubaaqudgha.
  3319 | D:5      | You fall into a shaft and drop 3 floors!
  3341 | D:8      | Noticed a water moccasin
  3348 | D:8      | Killed a water moccasin
  3353 | D:8      | Shot with an arrow by a centaur

Illustrated notes

Levels and vault maps discovered:
D:1:      nicolae_arrival_memento_mori, layout_basic,
          shapermc_ecumenical_altar_venn
D:2:      layout_basic
D:3:      layout_basic, nicolae_wu_jian_wuxing_cycle
D:4:      layout_basic, okawaru_ov_weapons_minmay,
          nicolae_yredelemnul_corpse_copse, minmay_circle_x, uniq_grinder
D:5:      cheibrodos_two_vegetables, layout_layer_cave,
          mainiacjoe_overflow_small_starburst, lemuel_doored_altar,
          hangedman_decor_points, uniq_ijyb
D:8:      layout_cave_pools, small_chamber_with_monster, minivault_27

Skill      XL: |  1  2  3  4  5  6  7 |
---------------+----------------------+-----
Hexes          | 4 5 6 |  6.7
Fire Magic     | 1 2 3 |  3.0
Fighting       | 2 3 |  3.5
Spellcasting   | 2 3 |  3.3
Long Blades    | 1 2 |  2.5
Ranged Weapons | |  2.6
Dodging        | |  1.7

Action                   |  1- 3 |  4- 6 |  7- 9 || total
-------------------------+-------+-------+-------++-------
Melee: Long sword        |     4 |    67 |    11 ||    82
       Punch             |       |     1 |     1 ||     2
 Fire: Sling             |    96 |       |       ||    96
 Cast: Slow              |       |     3 |     2 ||     5
       Inner Flame       |       |     2 |     2 ||     4
 Abil: Dig               |       |     1 |       ||     1
 Stab: Sleeping          |       |     3 |       ||     3
Armor: Robe              |     7 |    11 |     9 ||    27
Dodge: Dodged            |    35 |    39 |     6 ||    80

Table legend: (Time is in decaauts)
 A = Elapsed time spent in this place.
 B = Non-inter-level travel time spent in this place.
 C = Inter-level travel time spent in this place.
 D = Time resting spent in this place.
 E = Time spent auto-exploring this place.
 F = Levels seen in this place.
 G = Mean time per level.
                   A        B        C        D        E       F      G
               +--------+--------+--------+--------+--------+-----+--------+
         Total |   3407 |   3270 |    137 |    190 |   2512 |   6 |  567.8 |
       Dungeon |   3407 |   3270 |    137 |    190 |   2512 |   6 |  567.8 |
               +--------+--------+--------+--------+--------+-----+--------+

Top non-repeatable levels by time:
     D:4: 1066 daAuts
     D:1: 801 daAuts
     D:2: 689 daAuts
     D:3: 671 daAuts
     D:5: 142 daAuts
     D:8: 35 daAuts
